 Dungeon Crawl Stone Soup version 0.31-a0-1591-g515db51633 (webtiles) character file.

Game seed: 14320079988033877749

47 BigPumpCobain the Covered (level 3, -2/33 HPs)
             Began as a Minotaur Fighter on Jan 7, 2024.
             Slain by Crazy Yiuf
             ... wielding a +3 quarterstaff of chaos
              (9 damage)
             ... on level 2 of the Dungeon.
             The game lasted 00:01:27 (1529 turns).

BigPumpCobain the Covered (Minotaur Fighter)        Turns: 1529, Time: 00:01:28

Health: -2/33      AC: 12    Str: 25    XL:     3   Next: 48%
Magic:  0/2        EV:  9    Int:  5    God:
Gold:   95         SH:  0    Dex:  9    Spells: 2/2 levels left

rFire   . . .        i - +1 trident "Qufryene" {flame, Will- rCorr Str+3}
rCold   . . .        c - +0 buckler
rNeg    . . .        b - +0 scale mail
rPois   .            (helmet restricted)
rElec   .            p - +0 cloak
rCorr   +            (no gloves)
SInv    +            (no boots)
Will    .....        (no amulet) Stlth
                     f - +4 ring of protection
HPRegen 0.25/turn    k - ring of see invisible
MPRegen 0.08/turn

%: no passive effects
@: confused
A: horns 2, retaliatory headbutt
a: no special abilities


You were on level 2 of the Dungeon.
You visited 1 branch of the dungeon, and saw 2 of its levels.

You collected 95 gold pieces.

Inventory:

Hand Weapons
 a - a +0 flail
 i - the +1 trident "Qufryene" (weapon) {flame, Will- rCorr Str+3}
   (You found it on level 2 of the Dungeon)

   Str+3:     It affects your strength (+3).
   Will-:     It decreases your willpower.
   rCorr:     It protects you from acid and corrosion.
Armour
 b - a +0 scale mail (worn)
 c - a +0 buckler (worn)
 p - a +0 cloak (worn)
Jewellery
 f - a +4 ring of protection (left hand)
 k - a ring of see invisible (right hand)
Wands
 q - a wand of polymorph (7)
Scrolls
 e - a scroll of fear {unknown}
 g - 2 scrolls of identify {unknown}
 j - a scroll of immolation {unknown}
 l - 2 scrolls of vulnerability {unknown}
 m - a scroll of brand weapon {unknown}
 n - a scroll of fog {unknown}
 o - a scroll of poison {unknown}
Potions
 d - a potion of might
 h - a potion of degeneration {unknown}


   Skills:
 + Level 4.0 Fighting
 - Level 3.1 Maces & Flails
 * Level 1.4 Polearms
 + Level 4.1 Armour
 + Level 4.1 Shields


You had 2 spell levels left.
You didn't know any spells.
Your spell library contained the following spells:

 Spells                   Type           Power      Damage    Failure   Level
 Sandblast                Erth           0%         2d4       82%         1


Dungeon Overview and Level Annotations

Branches:
Dungeon (2/15)

Altars:

Annotations:
D:2 Crazy Yiuf


Innate Abilities, Weirdness & Mutations

You have a pair of horns on your head.
You reflexively headbutt those who attack you in melee.


Message History

q - a wand of polymorph (7)
You now have 95 gold pieces (gained 14).
There is an escape hatch in the floor here.
You see here a +0 ring mail.
There is a stone staircase leading up here.
An endoplasm comes into view.
The endoplasm quivers.
You puncture the endoplasm! You burn the endoplasm.
You kill the endoplasm!
No target in view!
No target in view!
No target in view!
No target in view!
No target in view!
No target in view!
No target in view!
Crazy Yiuf shouts!
Crazy Yiuf laughs, "Iron fast tortoise!"
Failed to move towards target.
As you open the door, it creaks loudly!
Crazy Yiuf cries, "Pitchfork hand noodlescoop!"
You closely miss Crazy Yiuf. Crazy Yiuf completely misses you.
You puncture Crazy Yiuf! You burn Crazy Yiuf. You headbutt Crazy Yiuf!
Crazy Yiuf is severely wounded.
Crazy Yiuf hits you with a +3 quarterstaff of chaos!
You feel your power leaking away.
Crazy Yiuf hits you with a +3 quarterstaff of chaos!
You are confused.
You closely miss Crazy Yiuf.
Crazy Yiuf is severely wounded.
Crazy Yiuf completely misses you.
You bump into the rock wall.
Crazy Yiuf hits you with a +3 quarterstaff of chaos.
* * * LOW HITPOINT WARNING * * *
You're too confused to move!
Crazy Yiuf hits you with a +3 quarterstaff of chaos.
* * * LOW HITPOINT WARNING * * *
You're too confused to move!
Crazy Yiuf hits you with a +3 quarterstaff of chaos!
You die...

#.# #.###. #.#####.#
#. #.....).###.
######...).. #####....
#######........ ###
###.#..+...##....
#...##..#..P....###.#.
#...g@####......# #.#.
#)..### ##P+..## #.#.
### ###### #.#. #.#.
#.#. #.#. #.#. #...
####


You could see Crazy Yiuf.

Vanquished Creatures
  Jessica (D:2)
  A dart slug (D:1)
  2 bats
  3 endoplasms
  5 hobgoblins
  2 quokkas (D:1)
  A frilled lizard (D:1)
  A goblin (D:2)
  A rat (D:1)
17 creatures vanquished.

Notes
Turn   | Place    | Note
-------+----------+-------------------------------------------
     0 | D:1      | BigPumpCobain the Minotaur Fighter began the quest for the
                  | Orb.
     0 | D:1      | Reached XP level 1. HP: 19/19 MP: 0/0
   146 | D:1      | Reached XP level 2. HP: 27/27 MP: 1/1
   191 | D:1      | Found a faded altar of an unknown god.
   199 | D:1      | Got Plato's Compendium of Breccia
   802 | D:2      | Identified the +1 trident "Qufryene" {flame, Will- rCorr
                  | Str+3}
  1066 | D:2      | Noticed Jessica
  1115 | D:2      | Killed Jessica
  1116 | D:2      | Reached skill level 1 in Polearms
  1116 | D:2      | Reached XP level 3. HP: 33/33 MP: 2/2
  1131 | D:2      | Found a runed translucent door.
  1132 | D:2      | Noticed Crazy Yiuf
  1529 | D:2      | Slain by Crazy Yiuf

Illustrated notes

Levels and vault maps discovered:
D:1:      lightli_arrival_statue_moat, layout_basic,
          shapermc_ecumenical_altar_rom_forum, roderic_filled_cross,
          kennysheep_boxes
D:2:      layout_loops_ring, uniq_crazy_yiuf_cottage, uniq_jessica

Skill      XL: |  1  2 |
---------------+-------+-----
Maces & Flails | 3 |  3.1
Fighting       | 4 |  4.0
Polearms       | 1 |  1.4
Armour         | 4 |  4.1
Shields        | 4 |  4.1

Action                     || total
---------------------------++-------
  Melee: Flail             ||    25
         Headbutt          ||     5
         Trident           ||    13
 Armour: Scale mail        ||    18
  Dodge: Dodged            ||    21
  Block: Buckler           ||     8

Table legend: (Time is in decaauts)
 A = Elapsed time spent in this place.
 B = Non-inter-level travel time spent in this place.
 C = Inter-level travel time spent in this place.
 D = Time resting spent in this place.
 E = Time spent auto-exploring this place.
 F = Levels seen in this place.
 G = Mean time per level.
                   A        B        C        D        E       F      G
               +--------+--------+--------+--------+--------+-----+--------+
         Total |   1537 |   1474 |     63 |      0 |   1329 |   2 |  768.5 |
       Dungeon |   1537 |   1474 |     63 |      0 |   1329 |   2 |  768.5 |
               +--------+--------+--------+--------+--------+-----+--------+

Top non-repeatable levels by time:
     D:1: 787 daAuts
     D:2: 750 daAuts
